 Dungeon Crawl Stone Soup version 0.29.1-15-g9cfb28693d (webtiles) character file.

Game seed: 439476445041793777

514 hawla the Chiller (level 7, -2/78 HPs)
             Began as a Meteoran Ice Elementalist on Feb 27, 2023.
             Slain by a phantom (5 damage)
             ... on level 6 of the Dungeon.
             The game lasted 00:06:17 (1457 turns).

hawla the Chiller (Meteoran Ice Elementalist)       Turns: 1457, Time: 00:06:17

Health: -2/78      AC:  3    Str:  9    XL:     7   Next: 72%
Magic:  22/24      EV: 13    Int: 18    God:
Gold:   170        SH:  0    Dex: 16    Spells: 7/15 levels left

rFire   . . .      SeeInvis .   h - +0 quarterstaff
rCold   . . .      Faith    .   (shield currently unavailable)
rNeg    . . .      Spirit   .   a - +0 robe
rPois   .          Reflect  .   l - +0 helmet
rElec   .          Harm     .   (no cloak)
rCorr   .          Rampage  .   (no gloves)
Will    .....                   (no boots)
Stlth   ..........              (no amulet)
HPRegen 0.23/turn               f - ring of magical power
MPRegen 0.19/turn               (no ring)

@: berserking, weak-willed, slowed, glowing
A: sense surroundings 1, otherworldly, glowing, explore regen
a: no special abilities


You were on level 6 of the Dungeon.
You visited 1 branch of the dungeon, and saw 6 of its levels.

You collected 170 gold pieces.

Inventory:

Hand Weapons
 h - a +0 quarterstaff (weapon)
Armour
 a - a +0 robe (worn)
 l - a +0 helmet (worn)
Jewellery
 f - a ring of magical power (left hand)
 i - a +4 ring of evasion
Wands
 n - a wand of mindburst (16)
Scrolls
 g - a scroll of magic mapping
Potions
 c - a potion of ambrosia
 j - a potion of heal wounds
 m - a potion of lignification {unknown}


   Skills:
 - Level 1.1 Fighting
 - Level 3.3 Dodging
 - Level 1.4 Stealth
 - Level 4.8 Spellcasting
 + Level 5.6 Conjurations
 - Level 5.8 Ice Magic


You had 7 spell levels left.
You knew the following spells:

 Your Spells              Type           Power      Damage    Failure   Level
a - Freeze                Ice            100%       1d11      1%          1
b - Frozen Ramparts       Ice            50%        1d8       3%          3
c - Hailstorm             Conj/Ice       25%        3d7       13%         4

Your spell library contained the following spells:

 Spells                   Type           Power      Damage    Failure   Level
 Ozocubu's Armour         Ice            25%        N/A       3%          3
 Ensorcelled Hibernation  Hex/Ice        28%        N/A       6%          2
 Dazzling Flash           Conj/Hex       28%        N/A       13%         3
 Passwall                 Tmut/Erth      3%         N/A       21%         2
 Call Canine Familiar     Summ           4%         N/A       38%         3
 Portal Projectile        Hex/Tloc       8%         N/A       38%         3
 Summon Guardian Golem    Hex/Summ       4%         N/A       38%         3
 Swiftness                Air            4%         N/A       38%         3
 Leda's Liquefaction      Hex/Erth       2%         N/A       80%         4
 Summon Horrible Things   Summ           2%         N/A       100%        8


Dungeon Overview and Level Annotations

Branches:
Dungeon (5/15) Zot: 2136
 Temple: D:4-7

Altars:
Fedhas


Innate Abilities, Weirdness & Mutations

You passively map a small area around you.
You are easily found by Zot.
You glow in the dark.
You regain HP and MP as you explore.


Message History

The phantom hits you but does no damage.
The hornet stings you.
You feel as though you will be slow longer.
You can move again.
Casting: Frozen Ramparts (dangerous; 3% risk of failure)
Confirm with . or Enter, or press ? or * to list all spells.
Casting: Frozen Ramparts (dangerous; 3% risk of failure)
Press: ? - help, Dir - look around, f - activate The walls around you are covered in ice.
You feel yourself speed up.
The wall freezes the hornet.
The hornet barely misses you.
The phantom hits you but does no damage.
The wall freezes the hornet but does no damage.
The hornet closely misses you.
You closely miss the phantom.
The phantom is moderately damaged.
The wall freezes the hornet but does no damage.
The hornet barely misses you. The phantom hits you.
The phantom blinks!
You blink.
The frozen ramparts melt away as you move.
The phantom barely misses you.
It was a potion of berserk rage.
A red film seems to cover your vision as you go berserk!
You feel yourself moving faster!
You feel mighty! The phantom hits you.
You barely miss the phantom.
The phantom is lightly damaged.
The hornet stings you!
* * * LOW HITPOINT WARNING * * *
You feel yourself slow down. The hornet barely misses you.
You closely miss the phantom.
The phantom is lightly damaged.
The phantom hits you.
* * * LOW HITPOINT WARNING * * *
The hornet misses you. The phantom barely misses you. The hornet stings you!
* * * LOW HITPOINT WARNING * * *
You feel as though you will be slow longer.
You closely miss the phantom.
The phantom is lightly damaged.
The hornet barely misses you. The phantom hits you.
You die...

.........#.#
#.# #.#
#######..#.#
#.# #.# , ,
..... #.###.#
,, **#....,
#.....# ,*
##.##.
#######
#####+####.#
.# *
#..........#
#
#.......W..##
* ,*
#.....y@..$.#
* , , ,
#...........#
,*
##########..#
, , , , , ..#
, * , ..# * ,
,, ..# , ,, ,
, , , * , , *
, ,, ,


You could see a hornet (weak-willed) and a phantom (weak-willed).

Vanquished Creatures
  A scorpion (D:4)
  5 killer bees (D:4)
  An orc priest (D:4)
  An iguana (D:4)
  3 orc wizards
  Terence (D:3)
  2 adders (D:4)
  A white imp (D:6)
  4 dart slugs
  8 orcs
  4 endoplasms
  2 giant cockroaches
  4 goblins
  4 hobgoblins
  2 jackals (D:3)
  4 kobolds (D:1)
  3 quokkas
  4 ball pythons
  3 bats
  2 frilled lizards (D:1)
  2 rats
61 creatures vanquished.

Notes
Turn   | Place    | Note
-------+----------+-------------------------------------------
     0 | D:1      | hawla the Meteoran Ice Elementalist began the quest for the
                  | Orb.
     0 | D:1      | Reached XP level 1. HP: 14/14 MP: 5/5
    33 | D:1      | Found a large runed translucent door.
    33 | D:1      | Found a large runed translucent door.
    37 | D:1      | Reached XP level 2. HP: 16/22 MP: 3/6
   187 | D:1      | Reached XP level 3. HP: 17/27 MP: 4/8
   337 | D:2      | Learned a level 3 spell: Frozen Ramparts
   366 | D:3      | Noticed Terence
   372 | D:3      | Killed Terence
   373 | D:3      | Reached skill level 5 in Ice Magic
   373 | D:3      | Reached XP level 4. HP: 26/34 MP: 10/10
   418 | D:3      | Reached XP level 5. HP: 28/39 MP: 11/11
   429 | D:3      | Reached skill level 1 in Fighting
   524 | D:4      | Reached XP level 6. HP: 45/47 MP: 14/14
   540 | D:4      | Learned a level 4 spell: Hailstorm
   592 | D:4      | Reached skill level 1 in Conjurations
   594 | D:4      | Found a blossoming altar of Fedhas.
   795 | D:4      | Reached XP level 7. HP: 52/52 MP: 13/15
   796 | D:4      | Reached skill level 5 in Conjurations
  1321 | D:5      | Entered Level 5 of the Dungeon
  1328 | D:5      | You fall into a shaft and drop 1 floor!
  1332 | D:6      | Got the Vademecum on Bewitchment and the Comitatus
  1439 | D:6      | Noticed a hornet
  1450 | D:6      | Paralysed by a hornet for 2 turns
  1456 | D:6      | HP: 3/78 [hornet (12)]
  1457 | D:6      | Slain by a phantom

Illustrated notes

Levels and vault maps discovered:
D:1:      erik_arrival_cave_to_civilisation [erik_arrival_cave_to_temple],
          layout_basic
D:2:      layout_loops_ring, patterned_corridor
D:3:      layout_loops_cross, gammafunk_temple_overflow_claw, zin_statuary,
          shapermc_ecumenical_altar_flowoftime, serial_shops, shop, uniq_terence
D:4:      layout_basic, mainiacjoe_overflow_boulevard, grunt_decor_one_mirror
D:5:      layout_basic, minmay_holes
D:6:      layout_basic, nemelex_xobeh_ov_fountains_minmay,
          minmay_temple_entry_statues_pillars, uniq_crazy_yiuf_cottage,
          uniq_grinder

Skill      XL: |  1  2  3  4  5  6  7 |
---------------+----------------------+-----
Spellcasting   | 3 4 |  4.8
Dodging        | 3 |  3.3
Ice Magic      | 5 |  5.8
Fighting       | 1 |  1.1
Conjurations   | 4 5 |  5.6
Stealth        | |  1.4

Action                   |  1- 3 |  4- 6 |  7- 9 || total
-------------------------+-------+-------+-------++-------
Melee: Unarmed           |       |     4 |       ||     4
       Quarterstaff      |       |       |    26 ||    26
 Cast: Freeze            |    36 |    15 |     6 ||    57
       Frozen Ramparts   |     1 |    12 |     4 ||    17
       Hailstorm         |       |     2 |       ||     2
  Use: Potion            |     3 |       |     1 ||     4
       Scroll            |       |       |     4 ||     4
Armor: Robe              |    19 |     9 |     6 ||    34
Dodge: Dodged            |    35 |    18 |    29 ||    82
